 Dungeon Crawl Stone Soup version 0.28.0-53-g5a82cb258f (webtiles) character file.

Game seed: 7614549790339792432

3625 Plasmagod the Cleaver (level 9, -20/79 HPs)
             Began as a Minotaur Fighter on July 10, 2022.
             Was a High Priest of Okawaru.
             Killed from afar by a wretched star (33 damage)
             ... with a lance of force
             ... on level 1 of the Abyss.
             The game lasted 00:29:39 (7981 turns).

Plasmagod the Cleaver (Minotaur Fighter)            Turns: 7981, Time: 00:29:39

Health: -20/79     AC: 17    Str: 24    XL:     9   Next: 87%
Magic:  0/8        EV:  8    Int:  5    God:    Okawaru [*****.]
Gold:   379        SH:  5    Dex: 11    Spells: 8/8 levels left

rFire   . . .      SeeInvis .   a - +0 war axe
rCold   . . .      Faith    .   c - +0 buckler
rNeg    . . .      Spirit   +   f - +0 plate armour
rPois   .          Reflect  .   (helmet restricted)
rElec   .          Harm     .   (no cloak)
rCorr   .          Rampage  .   i - +0 pair of gloves
Will    .....      Rage     3%  h - +0 pair of boots
Stlth   ..........              m - amulet of guardian spirit
HPRegen 0.00/turn               (no ring)
MPRegen 0.11/turn               (no ring)

@: sick, unable to read
A: horns 2, retaliatory headbutt, [berserk 2], [inability to read while
threatened]
a: Renounce Religion, Heroism, Finesse, Duel


You were on level 1 of the Abyss.
You worshipped Okawaru.
Okawaru was extremely pleased with you.
You visited 2 branches of the dungeon, and saw 9 of its levels.
You visited the Abyss 1 time.

You collected 379 gold pieces.

Inventory:

Hand Weapons
 a - a +0 war axe (weapon)
Missiles
 o - a throwing net (quivered)
Armour
 c - a +0 buckler (worn)
 f - a +0 plate armour (worn)
 h - a +0 pair of boots (worn)
 i - a +0 pair of gloves (worn)
Jewellery
 m - an amulet of guardian spirit (around neck)
Wands
 n - a wand of mindburst (13)
Scrolls
 j - 2 scrolls of identify
 k - a scroll of fog {unknown}
 l - a scroll of amnesia
Potions
 b - a potion of brilliance


   Skills:
 + Level 7.5 Fighting
 + Level 11.5 Axes
 + Level 9.3 Armour
 + Level 3.0 Dodging
 + Level 1.1 Stealth
 + Level 6.3 Shields


You had 8 spell levels left.
You didn't know any spells.
Your spell library contained the following spells:

 Spells                   Type           Power      Damage    Failure   Level
 Sting                    Tmut/Pois      0%         1d3       100%        1
 Poisonous Vapours        Pois/Air       0%         N/A       100%        2
 Ozocubu's Armour         Ice            0%         N/A       100%        3
 Olgreb's Toxic Radiance  Pois           0%         N/A       100%        4
 Ozocubu's Refrigeration  Ice            0%         4d5       100%        7


Dungeon Overview and Level Annotations

Branches:
Dungeon (8/15)             Temple (1/1) D:5
   Lair: D:8-11

Altars:
Ashenzari
Cheibriados
Dithmenos
Elyvilon
Fedhas
Gozag
Hepliaklqana
Kikubaaqudgha
Makhleb
Nemelex Xobeh
Okawaru
Qazlal
Sif Muna
Trog
Uskayaw
Vehumet
Wu Jian
Xom
Yredelemnul
Zin
The Shining One
Ignis

Shops:
D:4 (   D:6 =

Annotations:
D:8 Psyche


Innate Abilities, Weirdness & Mutations

You have a pair of horns on your head.
You reflexively headbutt those who attack you in melee.
[You often lose your temper in combat.]
[You sometimes lose the ability to read scrolls when taking damage.]


Message History

The ancient zyme is moderately damaged.
The ancient zyme hits you.
The ancient zyme hits you but does no damage.
Press: ? - help, v - describe, . - travel A rock wall.
You barely miss the ancient zyme. You headbutt the ancient zyme!
The ancient zyme is heavily damaged.
The ancient zyme hits you but does no damage. x3
The ancient zyme hits you.
You slash the ancient zyme!
The ancient zyme is severely damaged.
You are suddenly pulled into a different region of the Abyss!
Okay, then.
You feel much better.
A large abomination comes into view.
A wretched star comes into view.
You hit the large abomination but do no damage.
The large abomination barely misses you.
Press: ? - help, v - describe, . - travel
Here: a wretched star The floor.
A wretched star comes into view.
The wretched star pulses with an eldritch light!
You lose the ability to read scrolls when threatened.
The wretched star glows turbulently.
The lance of force hits you!!
You feel threatened and lose the ability to read scrolls!
You are knocked back by the lance of force.
You slam into the stone wall!
* * * LOW HITPOINT WARNING * * *
The wretched star glows turbulently.
The lance of force hits you!
* * * LOW HITPOINT WARNING * * *
You are knocked back by the lance of force.
You slam into the metal wall!
The wretched star pulses with an eldritch light!
You feel a little pissed off.
You feel angry.
The wretched star glows turbulently.
The lance of force hits you!!
You die...

##### # #...#.#
######.@#..#. .
#............#
#.#..#..#.####
###.
#...*.##....####
# #
##X#.....##..# #
##.#*#####.#....
#....##...*###
.... ...
#.#.#..#####.. .
. ..##.X#*#...
#.##


You could see 3 wretched stars and a large abomination.

Vanquished Creatures
  A two-headed ogre (D:8)
  A harpy skeleton (Abyss:1)
  A flying skull (Abyss:1)
  4 yaks (D:8)
  A sky beast (D:7)
  2 ogres (D:5)
  A necrophage (D:4)
  A hornet zombie (D:8)
  2 black bears
  5 centaurs
  A kobold brigand (D:8)
  4 bullfrogs
  A gnoll sergeant (D:7)
  2 small abominations (Abyss:1)
  A wyvern zombie (D:5)
  4 scorpions
  2 howler monkeys (D:8)
  A bullfrog zombie (D:6)
  A quasit (Abyss:1)
  An orc priest (D:5)
  2 centaur zombies
  2 hounds
  3 jellies
  3 gnoll shamans
  2 iguanas
  A scorpion zombie (D:5)
  2 orc wizards (D:6)
  9 gnolls
  8 adders
  A shadow imp (D:5)
  2 white imps
  An ufetubus (D:5)
  An adder zombie (D:5)
  9 orcs
  5 ball pythons
  5 endoplasms
  A giant cockroach (D:4)
  6 goblins
  3 hobgoblins
  3 jackals (D:1)
  A quokka (D:2)
  2 bats
  A frilled lizard (D:2)
  12 kobolds
  2 rats
124 creatures vanquished.

Vanquished Creatures (others)
  A plant (D:1)
1 creature vanquished.

Grand Total: 125 creatures vanquished

Notes
Turn   | Place    | Note
-------+----------+-------------------------------------------
     0 | D:1      | Plasmagod the Minotaur Fighter began the quest for the Orb.
     0 | D:1      | Reached XP level 1. HP: 19/19 MP: 0/0
   251 | D:1      | Reached XP level 2. HP: 26/27 MP: 1/1
   260 | D:1      | Found a faded altar of an unknown god.
   293 | D:1      | Prayed at the altar of an unknown god.
   293 | D:1      | Became a worshipper of Warmaster Okawaru
   293 | D:1      | Reached * piety under Okawaru
  1642 | D:2      | Reached XP level 3. HP: 33/33 MP: 2/2
  2084 | D:3      | Found an opulent altar of Gozag.
  2256 | D:3      | Found a bloodstained altar of Trog.
  2311 | D:3      | Reached skill level 3 in Axes
  2707 | D:4      | Noticed a scorpion
  2713 | D:4      | Killed a scorpion
  2714 | D:4      | Reached XP level 4. HP: 29/40 MP: 3/3
  3148 | D:4      | Noticed a necrophage
  3155 | D:4      | Killed a necrophage
  3155 | D:4      | Reached ** piety under Okawaru
  3156 | D:4      | Reached skill level 4 in Axes
  3156 | D:4      | Reached skill level 5 in Armour
  3156 | D:4      | Reached XP level 5. HP: 42/46 MP: 4/4
  3204 | D:4      | Found Fojoadeni's Antique Weapon Boutique.
  3213 | D:4      | Reached skill level 1 in Dodging
  3271 | D:4      | Found a glowing silver altar of Zin.
  3316 | D:5      | Entered Level 5 of the Dungeon
  3363 | D:5      | Noticed a black bear
  3372 | D:5      | Killed a black bear
  3373 | D:5      | Reached XP level 6. HP: 53/53 MP: 5/5
  3483 | D:5      | Reached skill level 5 in Axes
  3631 | D:5      | Reached skill level 1 in Stealth
  3934 | D:5      | Found a staircase to the Ecumenical Temple.
  3954 | D:5      | Reached XP level 7. HP: 32/60 MP: 2/6
  3961 | D:5      | HP: 2/60 [wyvern zombie (11)]
  3963 | D:5      | Reached skill level 6 in Axes
  4259 | Temple   | Entered the Ecumenical Temple
  4360 | D:5      | Found a shimmering altar of Xom.
  4419 | D:5      | Reached *** piety under Okawaru
  4420 | D:5      | Reached skill level 5 in Fighting
  4799 | D:5      | Reached skill level 7 in Axes
  5275 | D:6      | Found Peko's Jewellery Shoppe.
  5310 | D:6      | Reached skill level 5 in Shields
  5310 | D:6      | Reached XP level 8. HP: 62/68 MP: 7/7
  5357 | D:6      | Found a shadowy altar of Dithmenos.
  5492 | D:6      | Reached skill level 8 in Axes
  6184 | D:7      | Found a basalt altar of Yredelemnul.
  6184 | D:7      | Found a radiant altar of Vehumet.
  6296 | D:7      | Reached **** piety under Okawaru
  6297 | D:7      | Reached skill level 9 in Axes
  6539 | D:7      | Found a blossoming altar of Fedhas.
  6671 | D:7      | Found a hide-covered altar of Uskayaw.
  6791 | D:7      | Reached XP level 9. HP: 52/78 MP: 6/8
  7108 | D:8      | Noticed a two-headed ogre
  7116 | D:8      | Killed a two-headed ogre
  7116 | D:8      | Reached ***** piety under Okawaru
  7117 | D:8      | Reached skill level 10 in Axes
  7389 | D:8      | Reached skill level 11 in Axes
  7398 | D:8      | Noticed Psyche
  7413 | D:8      | Paralysed by Psyche for 3 turns
  7415 | D:8      | Cast into level 1 of the Abyss (Psyche)
  7437 | Abyss:1  | Noticed a large abomination
  7621 | Abyss:1  | Noticed a worldbinder
  7625 | Abyss:1  | Noticed a black mamba
  7625 | Abyss:1  | Noticed a black mamba
  7626 | Abyss:1  | Noticed a black mamba
  7630 | Abyss:1  | Noticed a black mamba
  7630 | Abyss:1  | Noticed a mana viper
  7817 | Abyss:1  | Noticed an ancient zyme
  7861 | Abyss:1  | Noticed an orange demon
  7948 | Abyss:1  | Noticed a wretched star
  7958 | Abyss:1  | Noticed a wretched star
  7964 | Abyss:1  | Noticed a wretched star
  7981 | Abyss:1  | Killed from afar by a wretched star

Illustrated notes

Levels and vault maps discovered:
D:1:      dpeg_arrival_lava_temple_mockup, layout_basic,
          nicolae_ecumenical_snake_handling, serial_bayou_pond_b,
          minmay_misc_feat_five
D:2:      layout_basic, st_stairs_9
D:3:      layout_rooms, mainiacjoe_overflow_24_doors, overflow_temple_1_default
D:4:      layout_rooms, mainiacjoe_overflow_brackets, serial_shops,
          nicolae_shop_window_shopping
D:5:      layout_loops_ring, kennysheep_little_box,
          minmay_temple_entry_proselytizer, wad_rectangle_vault
D:6:      layout_rooms, lemuel_doored_altar, serial_shops,
          nicolae_lakefront_shop, supply_closet_lemuel
D:7:      layout_gridville, fedhas_altar_1, minitemple,
          nicolae_uskayaw_suspiria, chequers_serial_rivers_micro_a
D:8:      layout_basic, grunt_decor_mini_mirrors, chequers_serial_rivers_room_a,
          uniq_psyche
Temple:   ebering_untended_altars
Abyss:1:  base: D:4, evilmike_abyss_exit_4, hangedman_abyss_or_decor_clamps,
          hangedman_abyss_shoalhut

Skill      XL: |  1  2  3  4  5  6  7  8  9 |
---------------+----------------------------+-----
Shields        | 4 5 6 |  6.3
Armour         | 4 5 6 7 9 |  9.3
Axes           | 3 4 5 7 9 11 | 11.5
Fighting       | 4 5 6 7 |  7.5
Dodging        | 1 2 3 |  3.0
Stealth        | 1 |  1.1

Action                   |  1- 3 |  4- 6 |  7- 9 || total
-------------------------+-------+-------+-------++-------
Melee: War axe           |    88 |    63 |   270 ||   421
       Headbutt          |     4 |     7 |    58 ||    69
Invok: Heroism           |       |       |     1 ||     1
  Use: Scroll            |     2 |     5 |     7 ||    14
       Potion            |       |     3 |     4 ||     7
Armor: Scale mail        |    48 |     7 |       ||    55
       Skin              |       |    10 |     9 ||    19
       Plate armour      |       |    11 |   187 ||   198
Dodge: Dodged            |    39 |    24 |    99 ||   162
Block: Buckler           |    29 |    14 |    65 ||   108
